 Dungeon Crawl Stone Soup version 0.28-a0-1510-gd0f6b136d3 (webtiles) character file.

Game seed: 13918860983351412388

4 sanka the Protected (level 1, 26/26 HPs)
             Began as a Gnoll Wanderer on Jan 15, 2022.
             Quit the game on level 1 of the Dungeon.
             The game lasted 00:00:35 (100 turns).

sanka the Protected (Gnoll Wanderer)                 Turns: 100, Time: 00:00:36

Health: 26/26      AC: 10    Str: 16    XL:     1   Next: 60%
Magic:  4/4        EV: 10    Int:  7    God:
Gold:   0          SH:  0    Dex: 10    Spells: 5/5 levels left

rFire   . . .      SeeInvis .   f - +3 hand axe
rCold   . . .      Faith    .   (no shield)
rNeg    . . .      Spirit   .   d - +2 scale mail
rPois   .          Reflect  .   (no helmet)
rElec   .          Harm     .   (no cloak)
rCorr   .          Rampage  .   (no gloves)
Will    .....                   (no boots)
Stlth   ..........              (no amulet)
HPRegen 0.08/turn               (no ring)
MPRegen 0.09/turn               (no ring)

@: no status effects
A: fangs 1, strong nose, distributed training
a: no special abilities


You were on level 1 of the Dungeon.
You visited 1 branch of the dungeon, and saw 1 of its levels.


Innate Abilities, Weirdness & Mutations

You have very sharp teeth.
Your uncanny sense of smell can sniff out nearby items.
Your experience applies equally to all skills.


   Skills:
 + Level 8.4 Fighting
 + Level 0.1 Short Blades
 + Level 0.1 Long Blades
 + Level 0.1 Axes
 + Level 0.1 Maces & Flails
 + Level 0.1 Polearms
 + Level 0.1 Staves
 + Level 0.1 Slings
 + Level 0.1 Bows
 + Level 0.1 Crossbows
 + Level 0.1 Throwing
 + Level 8.4 Armour
 + Level 2.4 Dodging
 + Level 0.1 Stealth
 + Level 0.1 Shields
 + Level 0.1 Unarmed Combat
 + Level 2.6 Spellcasting
 + Level 0.1 Conjurations
 + Level 0.1 Hexes
 + Level 0.1 Summonings
 + Level 0.1 Necromancy
 + Level 0.1 Translocations
 + Level 0.1 Transmutations
 + Level 0.1 Fire Magic
 + Level 0.1 Ice Magic
 + Level 0.1 Air Magic
 + Level 0.1 Earth Magic
 + Level 0.1 Poison Magic
 + Level 0.2 Invocations
 + Level 0.1 Evocations


You had 5 spell levels left.
You didn't know any spells.
Your spell library contained the following spells:

 Spells                   Type           Power      Damage    Failure   Level
 Blink                    Tloc           2%         N/A       83%         2
 Sublimation of Blood     Necr           1%         N/A       83%         2
 Wereblood                Tmut           1%         N/A       83%         2
 Manifold Assault         Tloc           1%         N/A       100%        5
 Storm Form               Tmut/Air       0%         N/A       100%        7
 Summon Hydra             Summ           0%         N/A       100%        7

Inventory:

Hand Weapons
 a - a +0 club
 f - a +3 hand axe (weapon)
Armour
 d - a +2 scale mail (worn)
Potions
 b - a potion of lignification {!q}
 c - a potion of attraction {!q}
 e - a potion of resistance {unknown}

Dungeon Overview and Level Annotations

Branches:
Dungeon (1/15)

Altars:

....▒▒▒..▒▒▒▒▒▒
...▒▒..▒....▒▒
... ▒........▒
.▒ ▒.......▒▒
▒▒▒▒▒▒.▒▒ ▒.▒
▒.▒ ▒▒'▒▒ ▒..g▒
▒.....▒
▒.......▒
...........▒
............+
▒▒..........▒
...▒.......▒▒
▒▒▒▒▒.....▒▒


There were no monsters in sight!


Message History

A hobgoblin comes into view.
Found an Inescapable Atlas.
A hobgoblin is nearby!
There is an open door here.
You barely miss the hobgoblin. Your bite misses the hobgoblin.
The hobgoblin barely misses you.
You closely miss the hobgoblin. Your bite misses the hobgoblin.
The hobgoblin hits you but does no damage.
The hobgoblin hits you.
You closely miss the hobgoblin. The hobgoblin barely misses you.
You hit the hobgoblin.
The hobgoblin is severely wounded.
The hobgoblin hits you but does no damage.
You hit the hobgoblin. Your punch misses the hobgoblin.
The hobgoblin is severely wounded.
The hobgoblin barely misses you.
You hit the hobgoblin but do no damage.
The hobgoblin is severely wounded.
The hobgoblin hits you but does no damage.
The hobgoblin misses you.
You hit the hobgoblin.
You kill the hobgoblin!
HP restored.
You pick up an Inescapable Atlas and begin reading...
You add the spells Blink, Manifold Assault and Storm Form to your library.
Are you sure you want to abandon this character and quit the game? (Confirm with "yes".)

Action                   || total
-------------------------++-------
Melee: Hand axe          ||     8
       Club              ||     5
       Bite              ||     1
Armor: Scale mail        ||     7
Dodge: Dodged            ||     7

Levels and vault maps discovered:
D:1:      dpeg_arrival_pits, layout_loops_corners, minivault_14

Notes
Turn   | Place    | Note
-------+----------+-------------------------------------------
     0 | D:1      | sanka the Gnoll Wanderer began the quest for the Orb.
     0 | D:1      | sanka set off with the following items: a +0 club, a potion
                  | of lignification {!q}, a potion of attraction {!q}, a +2
                  | scale mail
     0 | D:1      | Reached XP level 1. HP: 26/26 MP: 4/4
   100 | D:1      | Quit the game

Vanquished Creatures
  A bat (D:1)
  A hobgoblin (D:1)
  A kobold (D:1)
3 creatures vanquished.
